Map: Acropolis LE

Players

HolyHit

  • Race: Protoss Protoss
  • Spawn Location: 11:00

GunGFuBanDa - Winner!

  • Race: Protoss Protoss
  • Spawn Location: 5:00

Event: 2019 WCS Summer

VOD

Have the link to the VOD?

Description

Time

  • Played on: July 12, 2019, 6:31 a.m.
  • Length: 12:30

All games in this series

Show
View Real Time Build Order
Export as new Build Order

HolyHit Protoss 

Build Orders: Zealot Archon 

Get SALT Encoding   

  12  0:00  Probe  
  13  0:12  Probe  
  14  0:17  Pylon  
  14  0:24  Probe  
  15  0:32  Probe  
  15  0:37  Gateway  
  15  0:40  Probe  
  16  0:46  Assimilator  
  17  0:51  Probe  
  17  0:54  Assimilator  
  18  1:00  Probe  
  19  1:08  Probe  
  19  1:09  Gateway  
  19  1:17  Probe  
  20  1:24  Cybernetics Core  
  21  1:29  Probe  
  22  1:35  Pylon  
  22  1:41  Probe  
  23  1:53  Probe  
  24  2:01  Stalker, Sentry  
  26  2:06  Warp Gate  
  28  2:11  Pylon  
  28  2:34  Nexus  
  27  2:45  Sentry x2, Probe  
  32  2:51  Forge  
  32  2:53  Probe  
  33  2:59  Pylon  
  33  3:01  Probe  
  34  3:12  Probe  
  34  3:14  Stalker  
  37  3:20  Stalker  
  39  3:29  Probe  
  39  3:31  Protoss Ground Weapons Level 1  
  40  3:40  Probe  
  40  3:43  Robotics Facility  
  40  3:48  Probe x2  
  43  3:56  Probe  
  43  4:00  Probe  
  45  4:08  Probe  
  46  4:10  Probe  
  46  4:15  Adept x2  
  51  4:18  Probe  
  51  4:20  Probe  
  53  4:24  Shield Battery  
  53  4:26  Probe  
  53  4:30  Assimilator  
  55  4:31  Observer  
  55  4:32  Assimilator, Probe  
  55  4:37  Shield Battery  
  55  4:38  Probe, Shield Battery  
  57  4:44  Probe  
  58  4:51  Twilight Council  
  58  4:53  Shield Battery  
  58  4:54  Probe  
  58  4:56  Probe  
  60  5:02  Immortal  
  60  5:06  Probe  
  56  5:09  Probe  
  61  5:17  Gateway  
  61  5:20  Protoss Ground Weapons Level 2, Gateway, Pylon  
  61  5:28  Charge, Gateway  
  61  5:33  Pylon  
  61  5:39  Stalker  
  61  5:40  Stalker  
  61  5:42  Warp Prism  
  68  5:50  Probe  
  68  6:00  Probe  
  68  6:02  Probe, Templar Archives  
  70  6:09  Pylon  
  70  6:14  Templar Archives  
  70  6:17  Gateway  
  70  6:18  Immortal, Pylon  
  73  6:35  Photon Cannon, Gateway  
  73  6:41  Photon Cannon  
  73  6:53  High Templar x2  
  77  6:54  Zealot x3  
  77  6:59  Archon  
  83  7:06  Gateway  
  83  7:09  Gateway  
  83  7:15  High Templar x2  
  87  7:16  Zealot, Pylon  
  87  7:19  Zealot, Archon  
  91  7:32  Pylon  
  91  7:39  Archon  
  91  7:40  High Templar x2  
  91  7:41  Zealot x3  
  100  7:44  Archon  
  98  7:58  Probe x2  
  96  8:01  Zealot x2  
  96  8:05  Nexus  
  101  8:07  Probe  
  101  8:10  Probe  
  102  8:14  Protoss Ground Weapons Level 3  
  102  8:15  Probe  
  102  8:16  Zealot  
  105  8:22  Probe  
  105  8:26  Probe  
  107  8:32  Robotics Bay  
  107  8:35  Pylon  
  107  8:53  Immortal, Pylon x2  
  109  8:57  Probe  
  109  8:59  High Templar x2, Pylon  
  109  9:01  Zealot x2  
  109  9:02  Zealot  
  108  9:10  Archon  
  108  9:12  Zealot x2  
  108  9:16  Zealot x2  
  101  9:28  Zealot x2  
  105  9:33  Disruptor  
  108  9:44  Probe  
  109  9:46  High Templar x2  
  109  9:51  Archon  
  113  9:56  Photon Cannon, Nexus  
  113  10:00  Pylon  
  113  10:05  Zealot  
  112  10:07  Probe  
  104  10:15  Stalker  
  104  10:16  Zealot  
  104  10:17  Disruptor  
  106  10:23  Probe  
  110  10:31  Probe  
  111  10:40  High Templar x2  
  115  10:44  Probe  
  115  10:46  Disruptor, Archon  
  115  10:47  Gateway  
  116  10:50  Archon  
  119  11:08  Probe  
  119  11:11  Probe x2  
  121  11:12  Disruptor  
  122  11:23  Probe x3  
  128  11:35  Probe x3  
  128  11:37  Zealot  
  133  11:44  Zealot x2  
  133  11:45  Disruptor  
  125  11:56  Probe  
  125  12:00  High Templar x2  
  130  12:01  Probe  
  130  12:04  Pylon  
  131  12:08  Assimilator  
  131  12:09  Archon  
  131  12:10  Assimilator  
  127  12:21  Zealot x4  
  116  12:23  Zealot  
Show
View Real Time Build Order
Export as new Build Order

GunGFuBanDa Protoss - Winner!

Build Orders: Zealot Archon 

Get SALT Encoding   

  12  0:00  Probe  
  13  0:13  Probe  
  14  0:17  Pylon  
  14  0:24  Probe  
  15  0:32  Probe  
  15  0:37  Gateway  
  15  0:40  Probe  
  16  0:46  Assimilator  
  17  0:51  Probe  
  17  0:54  Assimilator  
  18  0:59  Probe  
  19  1:07  Probe  
  19  1:08  Gateway  
  19  1:17  Probe  
  20  1:24  Cybernetics Core  
  21  1:29  Probe  
  22  1:35  Pylon  
  22  1:42  Probe  
  23  1:54  Probe  
  24  2:00  Stalker, Sentry, Warp Gate  
  28  2:06  Probe  
  29  2:13  Pylon  
  29  2:35  Nexus  
  29  2:41  Stalker  
  31  2:45  Probe  
  32  2:51  Shield Battery  
  32  2:53  Probe  
  33  3:01  Probe  
  34  3:08  Forge  
  34  3:12  Probe  
  35  3:22  Probe  
  35  3:26  Robotics Facility  
  36  3:31  Probe  
  36  3:40  Probe  
  37  3:42  Protoss Ground Weapons Level 1  
  37  3:43  Probe  
  39  3:50  Adept x2  
  39  3:52  Probe  
  39  3:53  Probe  
  45  4:04  Probe  
  45  4:08  Probe  
  45  4:09  Pylon  
  46  4:11  Sentry x2  
  46  4:13  Observer  
  46  4:16  Probe  
  52  4:19  Assimilator, Probe  
  52  4:21  Assimilator  
  54  4:25  Probe  
  54  4:29  Twilight Council  
  55  4:31  Probe  
  55  4:37  Probe, Warp Prism  
  59  4:43  Probe  
  59  4:45  Adept  
  62  4:48  Pylon  
  62  5:05  Probe x2  
  62  5:12  Adept  
  66  5:14  Immortal  
  66  5:15  Charge  
  66  5:17  Probe  
  66  5:19  Templar Archives  
  66  5:20  Probe  
  68  5:24  Protoss Ground Weapons Level 2  
  68  5:29  Zealot  
  68  5:31  Pylon  
  68  5:34  Gateway  
  68  5:35  Gateway  
  70  5:36  Gateway  
  70  5:51  Gateway  
  70  5:54  Gateway  
  70  6:00  Observer  
  70  6:06  High Templar x2  
  70  6:08  Nexus  
  74  6:13  Archon  
  74  6:21  Pylon  
  74  6:37  High Templar  
  74  6:38  High Templar  
  78  6:40  Pylon  
  78  6:41  Pylon  
  78  6:42  Zealot x3  
  78  6:43  Pylon  
  84  6:47  Archon  
  84  6:54  High Templar  
  84  6:59  High Templar  
  88  7:04  Archon  
  88  7:11  Zealot x5  
  88  7:14  Shield Battery  
  88  7:15  Shield Battery  
  98  7:16  Shield Battery  
  98  7:22  Probe x2  
  100  7:27  High Templar  
  100  7:29  Gateway  
  102  7:31  High Templar  
  102  7:32  Zealot x5  
  114  7:39  Archon  
  114  7:40  Immortal  
  118  7:55  Zealot, High Templar x2  
  118  7:58  Pylon  
  124  7:59  Pylon  
  124  8:02  Archon  
  122  8:07  Zealot  
  124  8:16  Zealot x4  
  132  8:25  Warp Prism  
  134  8:30  High Templar x2  
  134  8:31  Zealot  
  134  8:33  Pylon  
  138  8:35  Pylon  
  138  8:36  Archon  
  135  8:43  Probe x2  
  135  8:45  Stalker x4  
  141  8:55  Probe  
  141  8:56  Probe  
  141  9:00  Zealot  
  141  9:01  Zealot  
  147  9:04  Zealot x2  
  147  9:05  Probe  
  147  9:09  Probe  
  145  9:25  Zealot x3, High Templar x2  
  145  9:26  Zealot  
  145  9:29  Archon  
  157  9:32  Pylon  
  157  9:33  Photon Cannon  
  157  9:34  Photon Cannon, Pylon  
  157  9:35  Protoss Ground Weapons Level 3  
  157  9:36  Pylon  
  157  9:47  Probe  
  157  9:50  Probe x2  
  160  9:55  Probe  
  161  10:04  Probe  
  161  10:09  Pylon  
  161  10:10  Zealot x5  
  162  10:16  Zealot x5  
  162  10:17  Zealot x2  
  162  10:23  Probe x3  
  162  10:24  Stargate  
  162  10:25  Assimilator  
  162  10:26  Assimilator, Stargate  
  165  10:29  Zealot x7  
  165  10:30  Zealot  
  181  10:37  Photon Cannon  
  179  11:01  Phoenix x2  
  177  11:11  Immortal  
  175  11:28  Probe x2  
  175  11:29  Phoenix x2  
  181  11:36  Zealot x4  
  181  11:39  Nexus  
  181  11:56  Phoenix  
  181  11:57  Phoenix  
  185  12:12  Zealot x2  
Tags
 
Add a new tag
Caveats
  • Supply blocks, unpowered buildings, or Contaminate may cause inaccurate times.
  • Supply counts are checked every 10 seconds.